Cogmind - Beta 9.6 @@@ ROGUE MODE // 2020.08.03 @ 14:39:24 Player: Henry Result: Self-destructed Performance ------------- Evolutions (1) 500 Regions Visited (3) 600 Robots Destroyed (4) 20 Value Destroyed (94) 94 Prototype IDs (0) 0 Alien Tech Used (0) 0 Bonus (0) 0 TOTAL SCORE: 1214 Bonus ------- None Cogmind --------- Core Integrity 329/400 Matter 300/300 Energy 125/125 System Corruption 10% Temperature Cool (0) Movement Core (250) Ox4 Location -9/Mines Parts ------- > --- POWER (1) -------- Light Ion Engine > --- PROPULSION (4) --- (None) > --- UTILITY (2) ------ Small Storage Unit Signal Interpreter > --- WEAPON (2) ------- Heavy Particle Cannon > --- INVENTORY (6) ---- Heat Sink Heavy Particle Cannon Heavy Particle Cannon Heavy Particle Cannon Grenade Launcher Peak State ------------ > --- POWER ------------ Light Ion Engine > --- PROPULSION ------- Aluminum Leg Aluminum Leg Aluminum Leg Aluminum Leg > --- UTILITY ---------- Small Storage Unit Signal Interpreter > --- WEAPON ----------- Heavy Particle Cannon > --- INVENTORY -------- Light Ion Engine Heat Sink Heavy Particle Cannon Heavy Particle Cannon Heavy Particle Cannon Grenade Launcher [Rating: 11] Favorites ----------- Power Light Ion Engine Engine Light Ion Engine Propulsion Aluminum Leg Leg Aluminum Leg Utility Small Storage Unit Storage Small Storage Unit Processor Signal Interpreter Weapon Assault Rifle Energy Cannon Heavy Particle Cannon Ballistic Gun Assault Rifle Build | -11 -10 -9 -9 ------- Run | Scr Mat Mat Min Slots Evolved 2 | . . 2 . Power . | . . . . Propulsion 2 | . . 2 . Utility . | . . . . Weapon . | . . . . Parts Attached 12 | 6 2 3 1 Power 2 | 1 . . 1 Engine 2 | 1 . . 1 Core . | . . . . Reactor . | . . . . Propulsion 5 | 2 1 2 . Treads . | . . . . Leg 5 | 2 1 2 . Wheel . | . . . . Hover . | . . . . Flight . | . . . . Utility 2 | 1 1 . . Device . | . . . . Storage 1 | 1 . . . Processor 1 | . 1 . . Hackware . | . . . . Protection . | . . . . Artifact . | . . . . Weapon 3 | 2 . 1 . Energy Gun . | . . . . Energy Cannon 1 | . . 1 . Ballistic Gun 2 | 2 . . . Ballistic Cannon . | . . . . Launcher . | . . . . Special Weapon . | . . . . Impact Weapon . | . . . . Slashing Weapon . | . . . . Piercing Weapon . | . . . . Special Melee Weapon . | . . . . Unidentified Prototypes . | . . . . Parts Lost 5 | . . . 5 Power 1 | . . . 1 Propulsion 4 | . . . 4 Utility . | . . . . Weapon . | . . . . Highest Loss Streak 5 | . . . 5 Average Slot Usage (%) 89 | . 93 87 79 Engine 12 | . 14 11 9 Leg 34 | . 28 44 37 Storage 12 | . 14 11 11 Processor 9 | . 7 11 11 Energy Cannon 4 | . . 10 11 Ballistic Gun 15 | . 28 . . Naked Turns . | . . . . Heaviest Build 13 | 10 10 13 13 Greatest Support 40 | 20 20 40 40 Greatest Overweight (x) 4 | 1 . . 4 Average Overweight (x) . | . . . . Largest Inventory Capacity 6 | 6 6 6 6 Average Capacity 5 | 5 6 6 6 Most Carried 6 | 2 6 6 6 Average Carried 4 | 1 4 5 5 Final Capacity 6 | 6 6 6 6 Final Carried 6 | 2 6 6 5 Class Distribution -------------------- 100% | Mutant Dominant Class ---------------- Mutant | -10/Materials Mutant | -9/Materials Mutant | -9/Mines Resources | -11 -10 -9 -9 ----------- Run | Scr Mat Mat Min Matter Collected 339 | 239 69 31 . Remotely . | . . . . Salvage Created 131 | . 69 46 16 Parts 6 | . 6 . . Haulers Intercepted . | . . . . Recyclers Shooed . | . . . . Parts Field Recycled . | . . . . Retrieved Matter . | . . . . Parts Self-Destructed . | . . . . Prevented . | . . . . Kills | -11 -10 -9 -9 ------- Run | Scr Mat Mat Min Combat Hostiles Destroyed 3 | . 1 1 1 Guns 1 | . 1 . . Cannons 2 | . . 1 1 Classes Destroyed 3 | . 2 . 1 Watcher 1 | . 1 . . Grunt 2 | . 1 1 . Assembled 1 | . . . 1 Best Kill Streak 1 | . 1 1 1 Combat Bots Only 1 | . 1 1 1 Max Kills in Single Turn 1 | . 1 1 1 Gunslinging . | . . . . Exploded . | . . . . Melee . | . . . . Uniques/NPCs Destroyed . | . . . . Combat | -11 -10 -9 -9 -------- Run | Scr Mat Mat Min Damage Taken 566 | . 47 337 182 Core 71 | . . 30 41 Absorbed by Shields . | . . . . Core Remaining (%) 100 | 100 100 . . Volleys Fired 19 | . 8 9 2 Largest 2 | . 2 1 1 Hottest 75 | . 40 75 75 Shots Fired 27 | . 16 9 2 Gun 16 | . 16 . . Cannon 11 | . . 9 2 Launcher . | . . . . Special . | . . . . Kinetic 16 | . 16 . . Thermal 11 | . . 9 2 Explosive . | . . . . Electromagnetic . | . . . . Robot Hit Streak 4 | . 4 2 1 Robot Miss Streak 3 | . 3 2 3 Penetration Max . | . . . . Secondary Targets . | . . . . Shots Hit Robots 13 | . 8 4 1 Core Hits 7 | . 4 2 1 Critical Hits 1 | . . 1 . Critical Kills 1 | . . 1 . Critical Parts Destroyed . | . . . . Melee Attacks . | . . . . Impact . | . . . . Slashing . | . . . . Piercing . | . . . . Sneak Attacks . | . . . . Combat Hostiles . | . . . . Follow-up Attacks . | . . . . Damage Inflicted 271 | . 118 128 25 Guns 114 | . 114 . . Cannons 150 | . . 125 25 Explosions . | . . . . Melee . | . . . . Ramming 7 | . 4 3 . Kinetic 114 | . 114 . . Thermal 150 | . . 125 25 Explosive . | . . . . Electromagnetic . | . . . . Impact . | . . . . Slashing . | . . . . Piercing . | . . . . Highest Corruption 10 | . . . 10 Average Corruption 10 | . . . 10 Corruption Purged . | . . . . Overload Shots . | . . . . Overflow Damage . | . . . . Projectiles . | . . . . Explosions . | . . . . Melee . | . . . . Knockbacks . | . . . . Impact . | . . . . Kinetic . | . . . . Secondary . | . . . . Self-Inflicted Damage 2 | . 2 . . Shots . | . . . . Rammed 1 | . 1 . . Targets Rammed 2 | . 1 1 . Kicked 1 | . . 1 . Crushed . | . . . . Highest Temperature 136 | . 6 136 76 Average Temperature 37 | . 6 41 35 Received Heat Transfer 150 | . 24 66 60 Siege Activations . | . . . . Robots Corrupted . | . . . . Combat Hostiles . | . . . . Parts Fried . | . . . . Impact Corruptions . | . . . . Robots Melted . | . . . . Combat Hostiles . | . . . . Parts Melted . | . . . . Heat Transferred 222 | . . 185 37 Parts Sabotaged . | . . . . Parts Stolen . | . . . . Parts Stripped . | . . . . Power Chain Reactions . | . . . . Missiles Intercepted . | . . . . Alert | -11 -10 -9 -9 ------- Run | Scr Mat Mat Min Peak Influence 71 | . 27 71 27 Average Influence 12 | . 8 20 21 Maximum Alert Level . | . . . . Low Security (%) 100 | 100 100 100 100 Level 1 . | . . . . Level 2 . | . . . . Level 3 . | . . . . Level 4 . | . . . . Level 5 . | . . . . High Security . | . . . . Max Security . | . . . . Squads Dispatched 2 | . 1 1 . Investigation 1 | . 1 . . Extermination . | . . . . Reinforcement 1 | . . 1 . Assault . | . . . . Garrison . | . . . . Intercept . | . . . . Construction Impeded . | . . . . Haulers Reinforced . | . . . . Stealth | -11 -10 -9 -9 --------- Run | Scr Mat Mat Min Distress Signals 3 | . . 3 . Communications Jammed . | . . . . Distress Signals . | . . . . Times Spotted 28 | . 3 10 15 Peak Tracking Total 14 | . 2 9 14 Tactical Retreats 4 | . 1 2 1 Traps | -11 -10 -9 -9 ------- Run | Scr Mat Mat Min Traps Triggered 1 | . 1 . . Indirectly . | . . . . Trap Hack Attempts . | . . . . Triggered . | . . . . Disarmed . | . . . . Reprogrammed . | . . . . Reused . | . . . . Traps Extracted . | . . . . Installed . | . . . . Triggered . | . . . . Machines | -11 -10 -9 -9 ---------- Run | Scr Mat Mat Min Machines Disabled 1 | . . 1 . Max in Single Turn 1 | . . 1 . Machines Sabotaged . | . . . . Garrisons Compromised . | . . . . Overloaded Fab Kills . | . . . . Fab Network Shutdowns . | . . . . Hacking | -11 -10 -9 -9 --------- Run | Scr Mat Mat Min Machines Accessed . | . . . . Terminals . | . . . . Fabricators . | . . . . Repair Stations . | . . . . Recycling Units . | . . . . Scanalyzers . | . . . . Garrison Access . | . . . . Total Hacks . | . . . . Successful . | . . . . Failed . | . . . . Catastrophic . | . . . . Database Lockouts . | . . . . Manual . | . . . . Terminals . | . . . . Fabricators . | . . . . Repair Stations . | . . . . Recycling Units . | . . . . Scanalyzers . | . . . . Garrison Access . | . . . . Terminal Hacks . | . . . . Fabricator Hacks . | . . . . Repair Station Hacks . | . . . . Recycling Unit Hacks . | . . . . Scanalyzer . | . . . . Garrison Access Hacks . | . . . . Unauthorized Hacks . | . . . . Terminals . | . . . . Fabricators . | . . . . Repair Stations . | . . . . Recycling Units . | . . . . Scanalyzers . | . . . . Garrison Access . | . . . . Data Cores Recovered . | . . . . Used . | . . . . Hacking Detections . | . . . . Full Trace Events . | . . . . Feedback Events . | . . . . Feedback Blocked . | . . . . Robot Schematics Acquired . | . . . . Robots Built . | . . . . Matter . | . . . . Time . | . . . . Total Robot Build Rating . | . . . . Part Schematics Acquired . | . . . . Parts Built . | . . . . Matter . | . . . . Time . | . . . . Total Part Build Rating . | . . . . Parts Repaired . | . . . . Time . | . . . . Parts Recycled . | . . . . Recycled Matter . | . . . . Retrieved Matter . | . . . . Retrieved Components . | . . . . Parts Scanalyzed . | . . . . Part Schematics Acquired . | . . . . Parts Damaged . | . . . . Bothacking | -11 -10 -9 -9 ------------ Run | Scr Mat Mat Min Used RIF Installer . | . . . . Robots Hacked . | . . . . Non-combat . | . . . . Combat . | . . . . Robot Hacks Applied . | . . . . Relay Couplers Released . | . . . . Robots Rewired . | . . . . Allies Hacked . | . . . . Hacks Repelled . | . . . . Allies | -11 -10 -9 -9 -------- Run | Scr Mat Mat Min Total Allies . | . . . . Largest Group . | . . . . Highest-Rated Group . | . . . . Highest-Rated Ally . | . . . . Total Orders . | . . . . Ally Attacks . | . . . . Total Damage . | . . . . Kills . | . . . . Allies Corrupted . | . . . . Allies Melted . | . . . . Intel | -11 -10 -9 -9 ------- Run | Scr Mat Mat Min Robot Analysis Total . | . . . . Derelict Logs Recovered . | . . . . Drone Launches . | . . . . Drone Recoveries . | . . . . Exploration | -11 -10 -9 -9 ------------- Run | Scr Mat Mat Min Turns Passed 605 | 63 298 162 82 Spaces Moved 426 | 48 218 100 60 Core 12 | 9 . . 3 Treads . | . . . . Legs 414 | 39 218 100 57 Wheels . | . . . . Hover . | . . . . Flight . | . . . . Fastest Speed 50 | 50 120 120 120 Average Speed 119 | 110 120 120 127 Slowest Speed 250 | 120 120 120 250 Overloaded Moves . | . . . . Propulsion Burnouts . | . . . . Robots Hopped . | . . . . Cave-ins Triggered . | . . . . Exploration Rate (%) 18 | 4 26 21 24 Regions Visited 3 Branch Regions 1 Pre-discovered Areas . | . . . . Known Exits Taken 2 | . 1 1 . Unknown Exits Taken 1 | 1 . . . Scrap Searched . | . . . . Spaces Dug . | . . . . Terrain Destroyed 4 | . . 3 1 Melee . | . . . . Projectile 4 | . . 3 1 AOE . | . . . . Actions | -11 -10 -9 -9 --------- Run | Scr Mat Mat Min Total 493 | 55 240 135 63 Wait 22 | . 7 15 . Move 423 | 47 217 99 60 Hop . | . . . . Pick Up 9 | 2 4 3 . Fast Attach 8 | 6 1 1 . Attach 3 | . . 2 1 Detach 2 | . . 2 . Swap 1 | . 1 . . Drop 4 | . 1 3 . Fire 19 | . 8 9 2 Melee . | . . . . Ram . | . . . . Kick 2 | . 1 1 . Crush . | . . . . Escape Stasis . | . . . . Rewire . | . . . . Trap . | . . . . Miscellaneous . | . . . . Route ------- -11/Scrapyard -10/Materials (discovered 2 exits: *Mat / *Min) -9/Materials -9/Mines History --------- Turn | Location | Event 8 | -11/Scrapyard | Discovered new exit (range 15) 64 | -11/Scrapyard | Entered Materials 64 | -10/Materials | Discovered new exit (range 8) 111 | -10/Materials | Discovered new exit (range 14) 248 | -10/Materials | Identified exit to Mines 324 | -10/Materials | Build established: Mutant 361 | -10/Materials | Identified exit to Materials 362 | -10/Materials | Entered another Materials area 362 | -9/Materials | Evolved 2 slots: Propulsion x2 511 | -9/Materials | Discovered new exit (range 11) 523 | -9/Materials | Identified exit to Mines 524 | -9/Materials | Entered Mines 538 | -9/Mines | Met a Derelict bent on vengeance 552 | -9/Mines | Assembled infested the area 557 | -9/Mines | Assisted by a Guerilla fighting off Assembled 590 | -9/Mines | System corruption reached 10% 606 | -9/Mines | Self-destructed Last Messages --------------- 00565_ as-39640 destroyed. 00565_ HV Slug penetrates as-67799. 00565_ as-67799 suffers critical hit. 00566_ 44-YWO(h) destroyed. 00566_ U-05 Engineer lays Concrete. 00568_ K-01 Serf collects debris. 00568_ as-77772 sneak attacks. 00572_ K-01 Serf collects debris. 00577_ K-01 Serf destroyed. 00581_ K-01 Serf collects debris. 00586_ Knocked back. 00587_ K-01 Serf destroyed. 00589_ Lgt. Ion Engine destroyed. 00589_ Aluminum Leg destroyed. 00589_ System corrupted by crushing effect (+5). 00589_ as-02801 destroyed. 00590_ Aluminum Leg destroyed. 00594_ Knocked back. 00596_ as-77772 destroyed. 00598_ Aluminum Leg destroyed. Map ----- +----------------------------------------------------+ | | | | | | | | | | | | | | | | | | | | | | | | | | | | | | | | | ????????????????????????????????????????????????? | | ????????????????????????????????????????????????? | | ???????????????????????????????######???????????? | | ??????????????????????????????? #???????????? | | ???????????????????????????????? ????????????? | | ???????????????????????????????? ????????????? | | ???????????????????????????????? ????????????? | | ????????????????????????????????# #????????????? | | ?????????????# #########????# #????????????? | | ????????????# @a #????# #????????????? | | ???????????# ####### #????# #????????????? | | ?????????????????????????# ###### #????????????? | | ?????????????????????????# "# ## ##???????????? | | ??????????????????########%# ###?????????? | | ?????????????????# ###???????? | | ???????????????????######## % ##??????? | | ??????????????????????????# % ## #??????? | | ??????????????????????????## *#### #??????? | | ???????????????????????????## ##??# #??????? | | ????????????????????????????# #???## ####???? | | ????????????????????????????# #????# #???? | | ????????????????????????????## ##????# ## #???? | | ?????????????????????????????####????## #??### # | | ?????????????????????????#####??????## ## | | ????????????????????????## ##????## | | ??????????????????????### ###### % # | | ?????????????????????## ## # | | ?????????????????????# ## | | ?????????????????????# ## #? | | ?????????????????????## * #### ##? | | ?????????????????????#" %%] ##??# ## ##?? | | ?????????????????????# ! #???# ##? #??? | | ???????????????????# ## #???# ##???#??? | | ??????????????????# #### #?? #???????? | +----------------------------------------------------+ Best States ------------- Heat Dissipation 28 Energy Generation 10 Energy Capacity 125 Matter Stores 300 Matter Capacity 300 Sight Range 16 Terrain Scan Density 10 Evasion (%) 40 Item Schematics ----------------- None Robot Schematics ------------------ None Fabricated ------------ Nothing Alien Tech Used ----------------- None Achievements -------------- None Challenges ------------ None Game ------ Seed BiocellIntegratedDriver Manual? 0 Play Time 00:06:06 Cumulative 403.7 hours Start 2020.08.03 @ 14:32:28 End 2020.08.03 @ 14:39:24 Sessions 1 Manual Loads 0 Difficulty Rogue Special Mode None Game No. 87 Rogue 87 Adventurer 0 Explorer 0 Win Type - Total 0 Types 0/0/0/0/0/0/0 Lore% 17 Gallery% 43 Achievement% 16 Wizard Run 0 Options --------- ASCII 0 Keyboard 1 Movement Numpad Keybinds 0 Fullscreen 2 Font 18/X11Bold Map View 76x50 Tactical HUD 1 Map Filters NONE Filters NONE Steam 1 RUN: 418a2d06-b60a-4ed2-8794-33c33fb2a69e